 Dungeon Crawl Stone Soup version 0.28-a0-732-g75e6d9b (webtiles) character file.

Game seed: 249114233751902551

50 NeededCrab the Magician (level 3, 0/26 HPs)
             Began as a Gnoll Hedge Wizard on Oct 28, 2021.
             Was an Initiate of Sif Muna.
             Slain by Natasha (2 damage)
             ... on level 3 of the Dungeon.
             The game lasted 00:06:17 (2347 turns).

NeededCrab the Magician (Gnoll Hedge Wizard)        Turns: 2347, Time: 00:06:17

Health: 0/26       AC:  6    Str:  9    XL:     3   Next: 79%
Magic:  0/11       EV: 13    Int: 14    God:    Sif Muna [......]
Gold:   42         SH:  0    Dex: 11    Spells: 1/16 levels left

rFire   . . .      SeeInvis .   a - +2 whip (flame)
rCold   . . .      Faith    .   (no shield)
rNeg    . . .      Spirit   .   b - +0 robe
rPois   .          Reflect  .   c - +0 hat
rElec   .          Harm     .   (no cloak)
rCorr   .          Rampage  .   (no gloves)
Will    .....                   (no boots)
Stlth   ++........              (no amulet)
HPRegen 0.08/turn               g - +4 ring of protection
MPRegen 0.12/turn               (no ring)

@: attractive, hasted, very quick
A: fangs 1, strong nose, distributed training
a: Renounce Religion


You were on level 3 of the Dungeon.
You worshipped Sif Muna.
Sif Muna was noncommittal.
You visited 1 branch of the dungeon, and saw 3 of its levels.

You collected 42 gold pieces.

Inventory:

Hand Weapons
 a - a +2 whip of flaming (weapon)
Armour
 b - a +0 robe (worn)
 c - a +0 hat (worn)
Jewellery
 g - a +4 ring of protection (left hand)
Scrolls
 e - 2 scrolls of fear {unknown}
 h - 2 scrolls of teleportation {unknown}
 k - 3 scrolls of identify {unknown}
 l - 2 scrolls of amnesia {unknown}
 m - a scroll of fog {unknown}
 n - a scroll of noise {unknown}
Potions
 d - 2 potions of haste
 f - 2 potions of attraction
 i - a potion of berserk rage {unknown}
 j - 2 potions of curing


   Skills:
 + Level 1.0 Fighting
 + Level 1.0 Short Blades
 + Level 1.0 Long Blades
 + Level 1.0 Axes
 + Level 1.0 Maces & Flails
 + Level 1.0 Polearms
 + Level 1.0 Staves
 + Level 1.0 Slings
 + Level 1.0 Bows
 + Level 1.0 Crossbows
 + Level 1.0 Throwing
 + Level 1.0 Armour
 + Level 4.6 Dodging
 + Level 4.2 Stealth
 + Level 1.0 Shields
 + Level 1.0 Unarmed Combat
 + Level 7.1 Spellcasting
 + Level 2.1 Conjurations
 + Level 0.7 Hexes
 + Level 2.1 Summonings
 + Level 0.7 Necromancy
 + Level 2.1 Translocations
 + Level 0.7 Transmutations
 + Level 0.7 Fire Magic
 + Level 0.7 Ice Magic
 + Level 0.7 Air Magic
 + Level 0.7 Earth Magic
 + Level 0.7 Poison Magic
 + Level 1.0 Invocations
 + Level 1.0 Evocations


You had one spell level left.
You knew the following spells:

 Your Spells              Type           Power      Damage    Failure   Level
a - Magic Dart            Conj           44%        1d5       6%          1
b - Call Imp              Summ           11%        N/A       9%          2
c - Slow                  Hex            7%         N/A       16%         2
d - Passwall              Tmut/Erth      5%         N/A       16%         2
e - Conjure Flame         Conj/Fire      9%         6-21      24%         3
f - Mephitic Cloud        Conj/Pois/Air  8%         N/A       26%         3
B - Blink                 Tloc           22%        N/A       9%          2

Your spell library contained the following spells:

 Spells                   Type           Power      Damage    Failure   Level
 Swiftness                Air            7%         N/A       30%         3
 Invisibility             Hex            3%         N/A       100%        6


Dungeon Overview and Level Annotations

Branches:
Dungeon (3/15)

Altars:
Sif Muna

Annotations:
D:3 Natasha


Innate Abilities, Weirdness & Mutations

You have very sharp teeth.
Your uncanny sense of smell can sniff out nearby items.
Your experience applies equally to all skills.


Message History

Natasha casts a spell at you. The magic dart hits you!
Natasha closely misses you.
You see here a fuming black potion.
You hit Natasha. You burn Natasha.
Natasha is moderately wounded.
Natasha claws you.
* * * LOW HITPOINT WARNING * * *
Casting: Mephitic Cloud (extremely dangerous; 26% risk of failure)
Confirm with . or Enter, or press ? or * to list all spells.
You blink.
Natasha completely misses you. Natasha casts a spell at you.
The magic dart hits you.
* * * LOW HITPOINT WARNING * * *
It was a potion of haste.
You feel yourself speed up. Natasha closely misses you.
It was a potion of attraction.
You feel attractive to monsters. Natasha barely misses you.
It was a potion of curing.
You feel better.
You feel stable enough to blink again.
Natasha wildly gestures.
Natasha's front paws start to glow.
Casting: Blink (safe; 9% risk of failure)
Confirm with . or Enter, or press ? or * to list all spells.
A beastly little devil appears in a puff of flame.
Natasha mumbles some strange words.
Natasha's front paws start to glow.
Natasha barely misses you.
You closely miss Natasha.
Natasha is moderately wounded.
You hit Natasha. You burn Natasha.
Natasha is heavily wounded.
Natasha claws you.
* * * LOW HITPOINT WARNING * * *
Your crimson imp hits Natasha.
You closely miss Natasha. You bite Natasha, but do no damage.
Natasha is severely wounded.
Natasha claws you.
You die...

∆ ........## #.#
........# #.#
#######.# #.. #.#
### #.# #.#######
#.# #.......# #.#
#######5####.#
#.......h@...#
#.#####.###### #.#
#.# ##.##
#.####...#########..
#......#...§.......#
#.####...#######....
##.## #


You could see Natasha (ally target) and a friendly crimson imp (summoned).

Vanquished Creatures
  A worm (D:3)
  4 bats
  4 endoplasms
  3 giant cockroaches
  2 goblins
  7 hobgoblins
  3 quokkas (D:2)
  7 ball pythons
  3 frilled lizards
  4 kobolds
  3 rats (D:3)
41 creatures vanquished.

Vanquished Creatures (collateral kills)
  A goblin (D:1)
1 creature vanquished.

Grand Total: 42 creatures vanquished

Notes
Turn   | Place    | Note
-------+----------+-------------------------------------------
     0 | D:1      | NeededCrab the Gnoll Hedge Wizard began the quest for the
                  | Orb.
     0 | D:1      | Reached XP level 1. HP: 13/13 MP: 8/8
   316 | D:1      | Reached XP level 2. HP: 19/19 MP: 6/10
   319 | D:1      | Learned a level 2 spell: Blink
   322 | D:1      | Learned a level 2 spell: Call Imp
   325 | D:1      | Learned a level 2 spell: Slow
   430 | D:1      | Learned a level 2 spell: Passwall
  1304 | D:2      | Reached XP level 3. HP: 25/25 MP: 8/11
  1308 | D:2      | Learned a level 3 spell: Conjure Flame
  1312 | D:2      | Learned a level 3 spell: Mephitic Cloud
  1622 | D:2      | Found a shimmering blue altar of Sif Muna.
  1630 | D:2      | Became a worshipper of Sif Muna the Loreminder
  2043 | D:3      | Reached skill level 1 in Invocations
  2290 | D:3      | Noticed Natasha
  2318 | D:3      | Reached skill level 1 in Fighting
  2318 | D:3      | Reached skill level 1 in Short Blades
  2318 | D:3      | Reached skill level 1 in Long Blades
  2318 | D:3      | Reached skill level 1 in Axes
  2318 | D:3      | Reached skill level 1 in Maces & Flails
  2318 | D:3      | Reached skill level 1 in Polearms
  2318 | D:3      | Reached skill level 1 in Staves
  2318 | D:3      | Reached skill level 1 in Slings
  2318 | D:3      | Reached skill level 1 in Bows
  2318 | D:3      | Reached skill level 1 in Crossbows
  2318 | D:3      | Reached skill level 1 in Throwing
  2318 | D:3      | Reached skill level 1 in Armour
  2318 | D:3      | Reached skill level 1 in Shields
  2318 | D:3      | Reached skill level 1 in Unarmed Combat
  2318 | D:3      | Reached skill level 1 in Evocations
  2335 | D:3      | HP: 1/26 [Natasha/magic dart (4)]
  2347 | D:3      | Slain by Natasha

Illustrated notes

Levels and vault maps discovered:
D:1:      lightli_arrival_boilingwater, layout_basic, minmay_misc_feat_plants,
          serial_bayou_pond_b, minmay_misc_feat_secret_circle
D:2:      layout_loops_ring, basic_altar
D:3:      layout_loops_ring, uniq_natasha

Skill      XL: |  1  2  3 |
---------------+----------+-----
Conjurations   | 2 |  2.1
Summonings     | 2 |  2.1
Translocations | 2 |  2.1
Invocations    | 1 |  1.0
Fighting       | 1 |  1.0
Short Blades   | 1 |  1.0
Long Blades    | 1 |  1.0
Axes           | 1 |  1.0
Maces & Flails | 1 |  1.0
Polearms       | 1 |  1.0
Staves         | 1 |  1.0
Slings         | 1 |  1.0
Bows           | 1 |  1.0
Crossbows      | 1 |  1.0
Throwing       | 1 |  1.0
Armour         | 1 |  1.0
Shields        | 1 |  1.0
Unarmed Combat | 1 |  1.0
Evocations     | 1 |  1.0
Dodging        | |  4.6
Stealth        | |  4.2
Spellcasting   | |  7.1
Hexes          | |  0.7
Necromancy     | |  0.7
Transmutations | |  0.7
Fire Magic     | |  0.7
Ice Magic      | |  0.7
Air Magic      | |  0.7
Earth Magic    | |  0.7
Poison Magic   | |  0.7

Action                   || total
-------------------------++-------
Melee: Dagger            ||     9
       Whip              ||    21
       Bite              ||     2
 Cast: Magic Dart        ||    91
       Call Imp          ||     4
       Conjure Flame     ||     2
       Mephitic Cloud    ||     1
       Blink             ||     1
  Use: Potion            ||     3
Armor: Robe              ||    11
Dodge: Dodged            ||    22

Table legend: (Time is in decaauts)
 A = Elapsed time spent in this place.
 B = Non-inter-level travel time spent in this place.
 C = Inter-level travel time spent in this place.
 D = Time resting spent in this place.
 E = Time spent auto-exploring this place.
 F = Levels seen in this place.
 G = Mean time per level.
                   A        B        C        D        E       F      G
               +--------+--------+--------+--------+--------+-----+--------+
         Total |   2346 |   2264 |     82 |      0 |   1964 |   3 |  782.0 |
       Dungeon |   2346 |   2264 |     82 |      0 |   1964 |   3 |  782.0 |
               +--------+--------+--------+--------+--------+-----+--------+

Top non-repeatable levels by time:
     D:1: 1154 daAuts
     D:2: 882 daAuts
     D:3: 309 daAuts
